Map: Pillars of Gold LE

Players

Vanya

  • Race: Zerg Zerg
  • League: Master
  • Spawn Location: 1:00

MaxPax - Winner!

  • Race: Protoss Protoss
  • League: Grandmaster
  • Spawn Location: 7:00

Event: DreamHack SC2 Masters 2020 Winter

VOD

Have the link to the VOD?

Description

Time

  • Played on: Oct. 14, 2020, 1:21 p.m.
  • Length: 14:49

All games in this series

Show
View Real Time Build Order
Export as new Build Order

Vanya Zerg 

Build Orders: Hatch First 

Get SALT Encoding   

  12  0:00  Drone  
  13  0:12  Overlord  
  13  0:17  Drone  
  14  0:31  Drone x2  
  16  0:50  Hatchery  
  16  0:52  Drone  
  16  0:56  Drone  
  17  1:00  Drone  
  18  1:05  Extractor  
  17  1:15  Spawning Pool  
  16  1:19  Drone  
  16  1:22  Drone  
  18  1:32  Drone  
  19  1:48  Hatchery  
  19  1:51  Drone  
  19  1:57  Drone  
  21  2:04  Queen, Roach Warren  
  21  2:06  Overlord  
  22  2:35  Overlord  
  22  2:44  Roach x2  
  22  2:48  Roach  
  28  3:00  Drone, Queen  
  31  3:07  Drone  
  31  3:09  Ravager x2  
  31  3:12  Drone x5  
  39  3:14  Spore Crawler  
  38  3:35  Drone x2  
  38  3:38  Spore Crawler  
  39  3:45  Evolution Chamber  
  39  3:46  Drone x2  
  41  3:49  Spore Crawler  
  41  3:52  Drone  
  41  3:53  Drone  
  42  3:56  Spore Crawler  
  42  4:02  Drone, Hatchery  
  41  4:10  Overlord x2  
  41  4:19  Overlord  
  41  4:28  Queen  
  41  4:30  Drone x3  
  46  4:36  Queen  
  49  4:38  Drone  
  49  4:41  Drone  
  49  4:44  Drone  
  49  4:45  Drone  
  52  4:49  Overlord  
  52  4:53  Metabolic Boost  
  52  4:57  Drone  
  52  4:58  Drone x2  
  55  5:01  Overlord  
  55  5:06  Queen  
  57  5:12  Drone x3  
  60  5:19  Drone  
  60  5:20  Drone x3  
  64  5:24  Extractor  
  64  5:25  Overlord  
  63  5:29  Lair  
  63  5:31  Drone x2  
  65  5:38  Zergling x2  
  65  5:39  Zergling x8  
  70  5:53  Overlord  
  70  5:55  Drone x2  
  71  5:57  Extractor  
  71  5:58  Overlord  
  71  6:00  Drone x2  
  72  6:07  Overlord  
  72  6:11  Queen  
  72  6:12  Overlord  
  72  6:15  Drone x2  
  72  6:16  Overlord  
  72  6:18  Drone x2  
  76  6:20  Drone  
  76  6:21  Drone x2  
  76  6:25  Extractor  
  78  6:28  Hydralisk Den, Extractor  
  78  6:30  Zergling x8  
  80  6:38  Roach x5  
  80  6:39  Glial Reconstitution  
  89  6:53  Overlord  
  89  6:57  Drone x2  
  89  6:58  Overlord  
  91  7:01  Hydralisk x5  
  91  7:06  Muscular Augments  
  91  7:08  Hydralisk x3  
  107  7:17  Hydralisk x2  
  111  7:24  Drone  
  111  7:29  Spore Crawler, Hydralisk x3  
  117  7:32  Overlord  
  117  7:39  Hydralisk x3  
  117  7:40  Zergling x4  
  125  7:49  Extractor  
  122  7:55  Roach x6  
  122  7:57  Extractor  
  133  8:07  Roach x6  
  133  8:11  Overlord  
  145  8:15  Overlord x2  
  145  8:19  Overlord  
  145  8:25  Ravager  
  146  8:27  Overlord  
  146  8:31  Zergling x2, Ravager x2  
  146  8:32  Zergling x10  
  154  8:39  Overlord  
  151  8:42  Hydralisk x3  
  154  8:48  Hydralisk x2  
  150  8:58  Hydralisk  
  150  8:59  Roach x2  
  135  9:05  Hydralisk  
  135  9:06  Hydralisk  
  135  9:09  Drone x6  
  119  9:13  Extractor  
  113  9:20  Grooved Spines  
  113  9:23  Hydralisk x2  
  112  9:37  Hydralisk  
  112  9:38  Hydralisk x2  
  116  9:39  Hydralisk  
  114  9:50  Roach x5  
  114  9:51  Roach  
  114  9:52  Zergling x12  
  130  10:01  Hydralisk  
  130  10:02  Hydralisk x2  
  136  10:11  Hydralisk x2  
  136  10:12  Roach x3  
  146  10:20  Hydralisk x2  
  151  10:21  Roach  
  150  10:33  Hydralisk x2  
  150  10:34  Roach x3  
  139  10:43  Hydralisk  
  139  10:44  Roach x3  
  137  10:53  Zergling x20  
  138  11:02  Roach, Hydralisk  
  128  11:10  Hydralisk  
  127  11:11  Roach x2  
  114  11:19  Hydralisk  
  114  11:20  Roach  
  92  11:35  Hydralisk x4  
  88  11:42  Drone x2  
  88  11:44  Drone  
  91  11:54  Drone x4, Extractor  
  94  12:00  Drone  
  94  12:01  Drone x2  
  97  12:08  Hydralisk  
  99  12:18  Roach, Hydralisk x2  
  99  12:19  Roach  
  101  12:25  Hydralisk  
  101  12:26  Roach  
  103  12:33  Hydralisk x2  
  103  12:34  Roach  
  108  12:47  Hydralisk x3  
  114  12:55  Ravager x3  
  114  12:58  Drone  
  118  12:59  Hydralisk  
  118  13:00  Roach  
  122  13:07  Hydralisk  
  122  13:08  Roach, Hydralisk  
  128  13:16  Roach x3  
  134  13:24  Roach x2  
  140  13:27  Roach x2  
  140  13:32  Roach x2  
  146  13:36  Roach  
  146  13:38  Roach  
  146  13:40  Ravager x2  
  152  13:43  Roach x2  
  156  13:57  Hydralisk x3  
  152  14:12  Hydralisk x2  
Show
View Real Time Build Order
Export as new Build Order

MaxPax Protoss - Winner!

Build Orders:  

Get SALT Encoding   

  12  0:00  Probe  
  13  0:12  Probe  
  14  0:19  Pylon  
  14  0:24  Probe  
  15  0:37  Probe (Chrono Boost)  
  15  0:40  Gateway  
  16  0:47  Assimilator  
  16  0:48  Probe (Chrono Boost)  
  17  0:53  Probe (Chrono Boost)  
  18  1:04  Probe  
  19  1:08  Forge  
  19  1:16  Probe  
  20  1:28  Probe  
  20  1:29  Pylon  
  21  1:42  Pylon  
  22  1:48  Photon Cannon  
  22  1:49  Cybernetics Core  
  21  2:01  Photon Cannon  
  21  2:13  Nexus  
  21  2:20  Probe  
  22  2:23  Adept (Chrono Boost)  
  24  2:31  Stargate  
  24  2:35  Probe  
  25  2:40  Assimilator  
  25  2:44  Adept (Chrono Boost)  
  25  2:49  Probe  
  28  2:58  Pylon  
  28  3:05  Probe  
  29  3:11  Adept  
  31  3:17  Probe  
  31  3:18  Void Ray (Chrono Boost)  
  31  3:29  Probe  
  31  3:31  Probe  
  37  3:39  Shield Battery  
  37  3:45  Probe  
  37  3:46  Probe  
  37  3:47  Warp Gate  
  39  3:53  Void Ray (Chrono Boost)  
  37  3:58  Probe  
  37  3:59  Probe  
  41  4:10  Probe  
  41  4:11  Probe  
  41  4:14  Assimilator  
  43  4:18  Assimilator  
  43  4:22  Probe  
  43  4:24  Pylon, Probe  
  45  4:33  Void Ray (Chrono Boost)  
  45  4:34  Probe  
  46  4:42  Probe  
  51  4:46  Probe  
  52  4:54  Probe  
  52  4:58  Probe  
  54  5:09  Pylon  
  54  5:15  Stargate  
  54  5:18  Void Ray (Chrono Boost)  
  54  5:25  Nexus  
  54  5:27  Probe x2  
  60  5:39  Probe x2  
  60  5:42  Pylon  
  62  5:46  Protoss Air Weapons Level 1  
  62  5:54  Void Ray (Chrono Boost)  
  62  6:00  Probe x2  
  62  6:03  Pylon  
  68  6:12  Probe x2  
  70  6:22  Void Ray (Chrono Boost)  
  70  6:23  Robotics Facility  
  70  6:24  Probe x2  
  76  6:28  Zealot  
  76  6:30  Photon Cannon  
  76  6:31  Void Ray (Chrono Boost)  
  78  6:37  Probe x2  
  78  6:38  Probe  
  85  6:56  Pylon x2  
  85  6:59  Twilight Council  
  85  7:02  Gateway  
  85  7:08  Void Ray  
  85  7:09  Assimilator, Pylon  
  85  7:12  Robotics Facility  
  85  7:14  Probe x3  
  92  7:16  Robotics Bay, Zealot, Protoss Ground Weapons Level 1  
  92  7:17  Void Ray  
  94  7:26  Probe x2  
  94  7:27  Assimilator, Probe  
  101  7:37  Charge  
  101  7:38  Probe x2  
  101  7:39  Gateway  
  101  7:42  Probe  
  104  7:50  Probe x2  
  106  7:56  Pylon  
  106  7:58  Void Ray  
  106  8:01  Shield Battery  
  106  8:09  Pylon  
  106  8:16  Colossus (Chrono Boost), Shield Battery  
  106  8:17  Shield Battery  
  112  8:21  Shield Battery  
  117  8:27  Colossus (Chrono Boost)  
  117  8:28  Pylon  
  117  8:29  Sentry  
  117  8:31  Pylon  
  119  8:34  Shield Battery  
  119  8:37  Void Ray  
  117  8:41  Zealot  
  117  8:42  Zealot  
  125  8:49  Colossus (Chrono Boost)  
  125  8:55  Void Ray  
  108  9:05  Zealot x2  
  108  9:08  Probe x3  
  91  9:20  Probe x3  
  94  9:24  Photon Cannon  
  94  9:32  Probe x3  
  94  9:36  Colossus (Chrono Boost)  
  97  9:44  Probe  
  104  9:52  Probe  
  101  9:53  Colossus (Chrono Boost)  
  101  9:57  Protoss Ground Weapons Level 2 (Chrono Boost)  
  107  10:07  Sentry  
  107  10:08  Zealot  
  107  10:09  Probe  
  107  10:13  Sentry  
  109  10:30  Zealot  
  109  10:31  Probe  
  109  10:34  Zealot  
  114  10:40  Void Ray  
  108  10:46  Zealot, Void Ray  
  108  10:49  Probe x2  
  112  11:04  Sentry  
  113  11:10  Sentry  
  104  11:18  Probe  
  104  11:23  Void Ray  
  93  11:25  Zealot  
  93  11:27  Void Ray  
  93  11:31  Gateway  
  93  11:32  Gateway  
  87  11:33  Gateway  
  87  11:35  Zealot, Probe x2 (Chrono Boost)  
  87  11:36  Zealot  
  87  11:39  Probe (Chrono Boost)  
  87  11:47  Probe (Chrono Boost)  
  87  11:50  Sentry  
  87  11:53  Probe (Chrono Boost)  
  90  11:56  Zealot  
  90  11:57  Probe (Chrono Boost)  
  93  12:01  Sentry  
  93  12:07  Probe  
  96  12:09  Phoenix, Probe x2  
  98  12:16  Zealot x2  
  96  12:25  Zealot  
  94  12:31  Zealot  
  96  12:37  Probe x2  
  96  12:38  Templar Archives  
  96  12:39  Probe  
  99  12:49  Probe x2  
  101  12:54  Probe  
  102  13:01  Probe  
  102  13:02  Probe  
  104  13:06  Zealot x3  
  104  13:07  Robotics Facility  
  104  13:08  Probe  
  111  13:14  Probe x2  
  111  13:16  High Templar x2  
  117  13:20  Archon  
  117  13:21  Shield Battery  
  118  13:27  High Templar x2  
  118  13:29  High Templar  
  118  13:31  High Templar  
  118  13:33  Archon, Pylon  
  125  13:34  Pylon  
  125  13:35  Archon  
  125  13:52  Zealot x2  
  127  14:04  Zealot x3  
  131  14:16  Zealot x3  
  133  14:24  Zealot x2  
  123  14:29  Zealot  
  101  14:40  Robotics Facility  
  101  14:41  Zealot x3  
  98  14:47  Zealot x2  
Tags
 
Add a new tag
Caveats
  • Supply blocks, unpowered buildings, or Contaminate may cause inaccurate times.
  • Supply counts are checked every 10 seconds.